AoeStats
← jude__88

Arabia

509891485Analyzed
1v1 RM · 4d ago on Sep 28, 2026· 19m 14s· 2 players
Game mode
Random Map
Map size
Tiny (2 player)
Population
200
Speed
Normal
Resources
Standard
Victory
Conquest
Starting age
Dark Age
Ending age
Imperial Age
RankedLock teamsTeams togetherTeam positionsShared explorationLock speedFull tech treeHidden civsTurbo modeCheats
Victory
Defeat
🇪🇸 Bengalis · Spain
782
+18
🇫🇷 Slavs · France
825
-47
jude__88
13:08 Feudal Age
14:30 Wheelbarrow
13:41 Horse Collar
13:50 Double-Bit Axe
16:13 Town Watch
18:24 Gold Mining
luismiasencio9
3:43 Loom
10:06 Feudal Age
10:53 Double-Bit Axe
12:59 Horse Collar
18:24 Padded Archer Armor
Connection lost

Rejoining the realm…

Still unreachable

The connection could not be restored.

Session expired

The server has moved on; the page needs a fresh start.